 Dungeon Crawl Stone Soup version 0.30.0-29-ga12c61a403 (webtiles) character file.

Game seed: 4153893621021026441

88 ChadusMaximus the Shield-Bearer (level 4, -5/37 HPs)
             Began as a Formicid Fighter on June 19, 2023.
             Slain by an iguana (11 damage)
             ... on level 3 of the Dungeon.
             The game lasted 00:01:08 (1550 turns).

ChadusMaximus the Shield-Bearer (Formicid Fighter)  Turns: 1550, Time: 00:01:09

Health: -5/37      AC:  7    Str: 23    XL:     4   Next: 82%
Magic:  4/4        EV:  9    Int:  7    God:
Gold:   139        SH:  5    Dex: 13    Spells: 3/3 levels left

rFire   . . .        a - +0 war axe
rCold   . . .        c - +0 buckler
rNeg    . . .        b - +0 scale mail
rPois   .            (helmet unavailable)
rElec   .            (no cloak)
rCorr   .            (no gloves)
SInv    +            (no boots)
Will    .....        (no amulet) Stlth
                     (no ring)
HPRegen 0.26/turn    (no ring)
MPRegen 0.09/turn

%: no passive effects
@: no status effects
A: permanent stasis, dig shafts and tunnels, antennae 3, four strong arms
a: Dig, Shaft Self


You were on level 3 of the Dungeon.
You visited 1 branch of the dungeon, and saw 3 of its levels.

You collected 139 gold pieces.

Inventory:

Hand Weapons
 a - a +0 war axe (weapon)
Missiles
 m - 4 javelins
Armour
 b - a +0 scale mail (worn)
 c - a +0 buckler (worn)
Scrolls
 f - a scroll of enchant armour {unknown}
 g - 6 scrolls of identify {unknown}
 h - a scroll of vulnerability {unknown}
 i - a scroll of blinking {unknown}
 k - a scroll of amnesia {unknown}
 l - a scroll of teleportation {unknown}
Potions
 d - a potion of might
 e - 2 potions of curing {unknown}
 j - a potion of attraction {unknown}
 n - a potion of haste {unknown}
 o - a potion of lignification {unknown}
 p - a potion of magic {unknown}
 q - a potion of mutation {unknown}
 r - a potion of ambrosia {unknown}


   Skills:
 + Level 4.0 Fighting
 + Level 2.8 Axes
 + Level 3.9 Armour
 + Level 5.0 Shields


You had 3 spell levels left.
You didn't know any spells.
Your spell library contained the following spells:

 Spells                   Type           Power      Damage    Failure   Level
 Necrotise                Necr           0%         1d4       80%         1
 Lesser Beckoning         Tloc           0%         N/A       91%         2
 Gell's Gravitas          Tloc           0%         N/A       99%         3
 Inner Flame              Hex/Fire       0%         N/A       99%         3
 Teleport Other           Tloc           0%         N/A       99%         3
 Vampiric Draining        Necr           0%         2d6       99%         3
 Flame Wave               Conj/Fire      0%         2d4       100%        4
 Sticky Flame             Conj/Fire      0%         2d3       100%        4
 Agony                    Necr           0%         N/A       100%        5


Dungeon Overview and Level Annotations

Branches:
Dungeon (3/15)

Altars:
Zin


Innate Abilities, Weirdness & Mutations

You cannot be hasted, slowed, berserked, paralysed or teleported.
You can dig through walls and to a lower floor.
You have a pair of large antennae on your head. (SInv)
Your four strong arms can wield two-handed weapons with a shield.


Message History

You kill the rat!
You pick up a book of Displacement and begin reading...
You add the spells Lesser Beckoning, Gell's Gravitas and Teleport Other to your library.
No target in view!
r - a coppery potion No target in view!
You sense a monster nearby.
No target in view!
An iguana comes into view.
The iguana hisses angrily.
You closely miss the iguana. The iguana closely misses you.
An iguana is nearby!
You hit the iguana but do no damage. The iguana bites you. x2
An iguana is nearby!
You slash the iguana!
The iguana is severely wounded.
The iguana barely misses you.
An iguana is nearby!
You hit the iguana.
The iguana is almost dead.
The iguana bites you!
The iguana bites you but does no damage.
An iguana is nearby!
You are too injured to fight recklessly!
An iguana is nearby!
You are too injured to fight recklessly!
An iguana is nearby!
You are too injured to fight recklessly!
An iguana is nearby!
You closely miss the iguana.
The iguana is almost dead.
The iguana bites you but does no damage.
You completely miss the iguana.
The iguana is almost dead.
The iguana bites you!
* * * LOW HITPOINT WARNING * * *
You barely miss the iguana.
The iguana is almost dead.
The iguana bites you!
You die...

#.#
#######.#
#.......#
........#
........#
........#
......l.#
#@# #.#
#.# ...
#.# #..#
#.# ##..#
#.# ...#
#.# ...
#.# #.#
#.#


You could see an iguana.

Vanquished Creatures
  2 gnolls (D:1)
  An adder (D:2)
  2 worms (D:2)
  A dart slug (D:1)
  6 endoplasms
  6 goblins
  5 hobgoblins
  6 jackals
  4 ball pythons
  3 bats
  4 frilled lizards (D:2)
  5 kobolds
  5 rats
50 creatures vanquished.

Notes
Turn   | Place    | Note
-------+----------+-------------------------------------------
     0 | D:1      | ChadusMaximus the Formicid Fighter began the quest for the
                  | Orb.
     0 | D:1      | Reached XP level 1. HP: 18/18 MP: 1/1
   202 | D:1      | Reached XP level 2. HP: 24/24 MP: 2/2
   290 | D:1      | Reached XP level 3. HP: 21/30 MP: 3/3
   599 | D:1      | You fall into a shaft and drop 1 floor!
   610 | D:2      | Reached XP level 4. HP: 32/37 MP: 4/4
   861 | D:2      | Found a glowing silver altar of Zin.
  1272 | D:2      | Reached skill level 5 in Shields
  1550 | D:3      | Slain by an iguana

Illustrated notes

Levels and vault maps discovered:
D:1:      dpeg_arrival_snail, layout_basic, serial_glass, glass_columns_a,
          glass_columns_b
D:2:      layout_loops_cross, basic_altar, grunt_ministairs_2,
          minmay_tetromino_i4
D:3:      layout_basic, minmay_misc_feat_enclosed

Skill      XL: |  1  2  3  4 |
---------------+-------------+-----
Fighting       | 4 |  4.0
Shields        | 5 |  5.0
Axes           | |  2.8
Armour         | |  3.9

Action                     |  1- 3 |  4- 6 || total
---------------------------+-------+-------++-------
  Melee: War axe           |    48 |    83 ||   131
 Armour: Scale mail        |    20 |    31 ||    51
  Dodge: Dodged            |    18 |    25 ||    43
  Block: Buckler           |    18 |    17 ||    35
